AoeStats
← 无忧无虑

Arena

509099170Analyzed
4v4 RM · 7d ago on Sep 25, 2026· 39m 25s· 8 players
Game mode
Random Map
Map size
Large (8 player)
Population
200
Speed
Normal
Resources
Standard
Victory
Conquest
Starting age
Dark Age
Ending age
Imperial Age
RankedLock teamsTeams togetherTeam positionsShared explorationLock speedFull tech treeHidden civsTurbo modeCheats
Victory
Defeat
🇨🇳 Japanese · China
1112
+10
🇸🇪 Varangians · Sweden
996
+15
🇧🇷 Khmer · Brazil
955
+16
🇨🇳 Celts · China
877
+20
🇭🇰 Celts · Hong Kong SAR China
1023
-17
🇨🇳 Teutons · China
960
-44
🇪🇸 Slavs · Spain
951
-15
🇭🇰 Spanish · Hong Kong SAR China
927
-14
foreveralone
12:21 Feudal Age
16:58 Castle Age
15:42 Double-Bit Axe
15:44 Horse Collar
18:07 Bow Saw
18:02 Heavy Plow
24:48 Wheelbarrow
26:08 Hand Cart
25:53 Gold Mining
25:57 Stone Mining
31:14 Imperial Age
29:28 Fletching
29:39 Padded Archer Armor
31:20 Ballistics
30:59 Bodkin Arrow
33:11 Chemistry
33:05 Conscription
32:10 Elite Conquistador
33:32 Stone Shaft Mining
34:36 Two-Man Saw
35:25 Bracer
35:42 Leather Archer Armor
Papadopoublas
0:57 Loom
12:18 Feudal Age
12:44 Horse Collar
18:24 Castle Age
16:43 Double-Bit Axe
18:15 Wheelbarrow
19:12 Heavy Plow
19:54 Pikeman
21:17 Man-at-Arms
22:37 Long Swordsman
24:44 Squires
24:47 Scale Mail Armor
28:29 Forging
29:33 Chain Mail Armor
30:58 Iron Casting
31:29 Hand Cart
36:24 Imperial Age
34:54 Gold Mining
34:59 Stone Mining
36:27 Capped Ram
36:30 Two-Handed Swordsman
brain888hk
11:34 Feudal Age
12:41 Double-Bit Axe
12:37 Horse Collar
15:12 Wheelbarrow
17:46 Castle Age
16:19 Scale Mail Armor
16:20 Gold Mining
16:40 Loom
17:59 Stone Mining
17:51 Man-at-Arms
18:16 Arson
19:10 Bow Saw
19:39 Gold Shaft Mining
19:12 Heavy Plow
19:14 Gambesons
19:19 Long Swordsman
26:45 Chain Mail Armor
26:42 Forging
30:51 Hand Cart
30:22 Town Watch
33:41 Ballistics
37:46 Imperial Age
37:50 Onager
39:34 Chemistry
38:50 Siege Engineers
无忧无虑
4:02 Loom
10:03 Feudal Age
13:06 Double-Bit Axe
14:36 Horse Collar
17:14 Wheelbarrow
23:20 Castle Age
22:01 Scale Mail Armor
22:17 Gold Mining
22:49 Man-at-Arms
24:03 Heavy Plow
25:54 Bow Saw
25:13 Long Swordsman
28:51 Hand Cart
30:18 Stone Mining
34:55 Chain Mail Armor
34:48 Scale Barding Armor
34:57 Forging
XIXXIXXI
11:00 Feudal Age
11:37 Horse Collar
13:00 Wheelbarrow
14:11 Loom
16:56 Castle Age
15:31 Scale Mail Armor
15:41 Forging
15:26 Gold Mining
15:31 Double-Bit Axe
16:20 Stone Mining
18:15 Bow Saw
19:32 Heavy Plow
20:02 Fervor
22:49 Gold Shaft Mining
22:52 Stone Shaft Mining
25:32 Town Watch
27:31 Hand Cart
31:27 Imperial Age
29:53 Ballistics
29:29 Murder Holes
31:19 Fortified Wall
31:19 Masonry
31:17 Scale Mail Armor
31:27 Forging
31:08 Fletching
31:49 Capped Ram
32:33 Gambesons
32:09 Man-at-Arms
33:14 Conscription
33:03 Siege Ram
33:59 Furor Celtica
34:03 Onager
35:01 Elite Woad Raider
36:20 Iron Casting
36:00 Chain Mail Armor
38:23 Blast Furnace
37:19 Bodkin Arrow
38:29 Siege Engineers
夜鹰Hawk
10:20 Feudal Age
14:04 Castle Age
11:55 Double-Bit Axe
12:07 Horse Collar
16:51 Bow Saw
20:38 Heavy Plow
22:08 Wheelbarrow
23:47 Gold Mining
23:31 Crossbowman
24:49 Loom
26:08 Gold Shaft Mining
25:23 Stone Mining
27:39 Hand Cart
30:04 Imperial Age
27:44 Fletching
27:57 Scale Mail Armor
28:08 Forging
28:00 Padded Archer Armor
29:15 Squires
29:03 Arson
29:03 Gambesons
29:16 Bodkin Arrow
29:59 Thumb Ring
30:17 Ballistics
31:05 Conscription
31:47 Two-Man Saw
30:14 Arbalester
31:25 Bracer
32:11 Kataparuto
33:10 Chemistry
32:27 Siege Engineers
33:03 Chain Mail Armor
33:23 Iron Casting
34:02 Leather Archer Armor
35:57 Ring Archer Armor
35:57 Plate Mail Armor
36:28 Blast Furnace
35:03 Man-at-Arms
36:19 Plate Mail Armor
36:49 Blast Furnace
37:22 Blast Furnace
36:08 Elite Samurai
TT
2:41 Loom
14:11 Feudal Age
15:01 Town Watch
17:52 Castle Age
15:50 Horse Collar
16:09 Double-Bit Axe
16:33 Stone Mining
16:52 Gold Mining
21:46 Wheelbarrow
32:23 Imperial Age
30:30 Hand Cart
31:40 Gold Shaft Mining
31:41 Stone Shaft Mining
31:51 Stone Shaft Mining
32:13 Murder Holes
32:35 Heavy Scorpion
34:01 Ballistics
34:28 Capped Ram
35:23 Double Crossbow
38:36 Chemistry
38:27 Onager
38:30 Siege Ram
philipbacklund92
1:29 Loom
11:51 Feudal Age
12:40 Double-Bit Axe
12:53 Horse Collar
16:31 Castle Age
14:54 Fletching
15:05 Padded Archer Armor
15:24 Gold Mining
16:27 Stone Mining
17:26 Bow Saw
18:17 Bodkin Arrow
22:57 Town Watch
23:53 Wheelbarrow
25:01 Bloodlines
25:34 Husbandry
26:11 Ballistics
27:06 Leather Archer Armor
32:02 Murder Holes
37:24 Imperial Age
35:48 Hand Cart
38:41 Conscription
38:29 Bracer
38:05 Cranequins
38:57 Heavy Mounted Crossbowman
Connection lost

Rejoining the realm…

Still unreachable

The connection could not be restored.

Session expired

The server has moved on; the page needs a fresh start.